 Dungeon Crawl Stone Soup version 0.28-a0-850-g09de17f5b5 (webtiles) character file.

Game seed: 5447626838658598261

17268 gregest the Severer (level 12, -17/110 HPs)
             Began as a Hill Orc Fighter on Nov 14, 2021.
             Was an Initiate of Gozag.
             Killed from afar by a bog body (29 damage)
             ... with a bolt of cold
             ... on level 4 of the Lair of Beasts.
             The game lasted 01:13:04 (18905 turns).

gregest the Severer (Hill Orc Fighter)             Turns: 18905, Time: 01:13:04

Health: -17/110    AC: 21    Str: 29    XL:     12   Next: 46%
Magic:  12/12      EV:  8    Int: 11    God:    Gozag
Gold:   2262       SH:  0    Dex: 11    Spells: 11/11 levels left

rFire   . . .      SeeInvis +   U - +1 battleaxe
rCold   . . .      Faith    .   (shield currently unavailable)
rNeg    . . .      Spirit   .   u - +1 plate armour
rPois   .          Reflect  .   r - +1 helmet {Int+3}
rElec   .          Harm     .   o - +0 cloak
rCorr   .          Rampage  .   V - +0 pair of gloves
Will    .....                   (no boots)
Stlth   ..........              (no amulet)
HPRegen 0.28/turn               p - +6 ring of strength
MPRegen 0.13/turn               H - ring of see invisible

@: slowed, very slow
A: no striking features
a: Renounce Religion, Potion Petition, Call Merchant, Bribe Branch


You were on level 4 of the Lair of Beasts.
You worshipped Gozag.
Gozag was most pleased with you.
You visited 3 branches of the dungeon, and saw 14 of its levels.
You also visited: Gauntlet.

You collected 2728 gold pieces.
You paid 466 gold pieces to Gozag.

Inventory:

Hand Weapons
 a - a +0 war axe
 n - a +0 war axe
 x - a +0 hand axe
 D - a +0 dagger
 E - a +0 dagger
 G - a +0 giant spiked club
 L - a +3 vorpal mace
 O - a +0 glaive
 U - a +1 battleaxe (weapon)
Missiles
 q - 327 stones (quivered)
 s - 2 silver boomerangs
 B - 88 poisoned darts
 F - 5 boomerangs
 J - 3 large rocks
 R - 4 curare-tipped darts
 X - 5 datura-tipped darts
Armour
 b - a +0 scale mail
 c - a +0 buckler
 f - a +0 tower shield
 g - a +0 ring mail
 o - a +0 cloak (worn)
 r - a +1 helmet of intelligence (worn)
 u - a +1 plate armour (worn)
 K - a scarf of harm
 V - a +0 pair of gloves (worn)
Jewellery
 p - a +6 ring of strength (left hand)
 H - a ring of see invisible (right hand)
 S - a ring of ice
 T - an amulet of the acrobat
Wands
 y - a wand of flame (24)
Scrolls
 e - 3 scrolls of enchant armour
 i - 2 scrolls of summoning
 m - a scroll of magic mapping
 t - a scroll of torment {unknown}
 v - 5 scrolls of amnesia
 A - a scroll of fog {unknown}
 C - a scroll of identify
 M - 2 scrolls of teleportation
 P - 2 scrolls of holy word
 Z - 2 scrolls of vulnerability
Potions
 d - 4 potions of might
 h - 3 potions of flight
 j - 8 potions of lignification
 k - a potion of attraction {unknown}
 l - 5 potions of curing
 w - a potion of invisibility {unknown}
 z - 5 potions of heal wounds
 I - 2 potions of magic {unknown}
 N - 2 potions of mutation
 Q - a potion of degeneration {unknown}
 W - 2 potions of haste


   Skills:
 + Level 11.6 Fighting
 - Level 16.0 Axes
 + Level 10.7 Armour
 + Level 10.7 Shields


You had 11 spell levels left.
You didn't know any spells.
Your spell library contained the following spells:

 Spells                   Type           Power      Damage    Failure   Level
 Animate Skeleton         Necr           0%         N/A       95%         1
 Apportation              Tloc           0%         N/A       95%         1
 Beastly Appendage        Tmut           0%         N/A       95%         1
 Summon Small Mammal      Summ           0%         N/A       95%         1
 Ensorcelled Hibernation  Hex/Ice        0%         N/A       98%         2
 Wereblood                Tmut           0%         N/A       98%         2
 Call Canine Familiar     Summ           0%         N/A       100%        3
 Inner Flame              Hex/Fire       0%         N/A       100%        3
 Portal Projectile        Hex/Tloc       0%         N/A       100%        3
 Spider Form              Tmut/Pois      0%         N/A       100%        3
 Tukima's Dance           Hex            0%         N/A       100%        3
 Animate Dead             Necr           0%         N/A       100%        4
 Cause Fear               Hex            0%         N/A       100%        4
 Leda's Liquefaction      Hex/Erth       0%         N/A       100%        4
 Borgnjor's Vile Clutch   Necr/Erth      0%         N/A       100%        5
 Death Channel            Necr           0%         N/A       100%        6
 Discord                  Hex            0%         N/A       100%        8


Dungeon Overview and Level Annotations

Branches:
Dungeon (9/15)             Temple (1/1) D:7            Lair (4/6) D:9
  Swamp (0/4) Lair:4        Snake (0/4) Lair:4      Gauntlet (visited)
    Orc: D:9-12

Altars:
Cheibriados
Dithmenos
Elyvilon
Fedhas
Gozag
Hepliaklqana
Kikubaaqudgha
Makhleb
Nemelex Xobeh
Okawaru
Qazlal
Ru
Sif Muna
Trog
Uskayaw
Vehumet
Wu Jian
Yredelemnul
Zin
The Shining One

Shops:
D:9 [


Message History

You slash the swamp worm!
The swamp worm is heavily wounded.
The swamp worm bites you but does no damage.
You slice the swamp worm!!
The swamp worm is almost dead.
The swamp worm bites you but does no damage.
You closely miss the swamp worm.
The swamp worm is almost dead.
The swamp worm bites you.
You closely miss the swamp worm.
The swamp worm is almost dead.
The swamp worm misses you.
Press: ? - help, v - describe, . - travel
Here: a swamp worm (almost dead)
The floor.
You hit the swamp worm.
You kill the swamp worm!
You now have 2262 gold pieces (gained 7).
A bog body comes into view.
The bog body gestures at you while chanting.
The bolt of cold hits you!!
You see here a stone.
You see here 17 arrows.
There is a fountain of clear blue water here.
The bog body gestures at you while chanting.
You feel yourself slow down. The bog body touches you!
The bog body freezes you!!
* * * LOW HITPOINT WARNING * * *
You feel much better. The bog body completely misses you.
The bog body barely misses you.
You barely miss the bog body.
The bog body touches you but does no damage.
You closely miss the bog body. The bog body touches you!
* * * LOW HITPOINT WARNING * * *
The bog body freezes you!!
* * * LOW HITPOINT WARNING * * *
The bog body gestures at you while chanting.
The bolt of cold hits you!!
You die...
Your body crumbles into a pile of gold.

### ..## .PP# ...#####
.....#.## #### ........##
####..#
.........#####...#.####
.................n....###
..........#.###.@####...#
........##### ####
##..P##** ......###
##.....#.# .....P#
*#..⌠⌠...#* ......#
#..♣..♣..#* ......###
#..♣.(♣...# ........#
#.♣♣..♣♣..# ......##*
**#.♣≈♣.≈♣.## ......###
*,..♣≈.(≈♣..*


You could see a bog body.

Vanquished Creatures
  Joseph (D:8)
  5 cane toads
  4 rime drakes
  8 komodo dragons
  A hornet (D:8)
  3 blink frogs (Lair:3)
  A shadow (D:9)
  5 wyverns
  2 basilisks (Lair:2)
  20 yaks
  2 swamp worms (Lair:4)
  2 nagas (Lair:4)
  6 water moccasins
  4 ice beasts
  2 necrophages
  4 orc warriors
  A sky beast (D:6)
  2 black bears
  3 ogres
  A centaur (D:4)
  14 wolves
  A phantom (D:7)
  13 bullfrogs
  A wyvern zombie (D:8)
  3 scorpions
  A water moccasin skeleton (D:6)
  3 wights (D:8)
  A howler monkey (D:6)
  3 jellies
  3 electric eels
  2 bullfrog zombies
  A centaur skeleton (D:7)
  3 hounds
  5 orc priests
  5 iguanas
  9 orc wizards
  A hound skeleton (D:4)
  A howler monkey skeleton (D:4)
  Robin (D:4)
  A howler monkey zombie (D:9)
  6 gnolls
  5 adders
  2 white imps
  An ufetubus (D:6)
  An adder skeleton (D:4)
  3 worms
  4 dart slugs
  23 orcs
  7 bats
  9 endoplasms
  4 giant cockroaches
  16 goblins
  8 hobgoblins
  8 jackals (D:1)
  3 kobolds
  2 quokkas
  8 ball pythons
  3 frilled lizards
  4 rats
266 creatures vanquished.

Vanquished Creatures (collateral kills)
  2 hydras (Lair:3)
  A komodo dragon (Lair:3)
3 creatures vanquished.

Vanquished Creatures (others)
  18 fungi
  29 plants
47 creatures vanquished.

Grand Total: 316 creatures vanquished

Notes
Turn   | Place    | Note
-------+----------+-------------------------------------------
     0 | D:1      | gregest the Hill Orc Fighter began the quest for the Orb.
     0 | D:1      | Reached XP level 1. HP: 19/19 MP: 1/1
   117 | D:1      | Reached skill level 3 in Axes
   117 | D:1      | Reached XP level 2. HP: 27/27 MP: 2/2
   304 | D:1      | Reached XP level 3. HP: 33/33 MP: 3/3
  1760 | D:2      | Found a faded altar of an unknown god.
  1769 | D:2      | Prayed at the altar of an unknown god.
  1769 | D:2      | Became a worshipper of Elyvilon the Healer
  1769 | D:2      | Reached * piety under Elyvilon
  2055 | D:3      | Reached skill level 4 in Axes
  2097 | D:3      | Reached XP level 4. HP: 39/40 MP: 4/4
  2107 | D:3      | Found an opulent altar of Gozag.
  2149 | D:3      | Found a sacrificial altar of Ru.
  2439 | D:3      | Reached ** piety under Elyvilon
  2819 | D:3      | Fell from the grace of Elyvilon
  2819 | D:3      | Became a worshipper of Gozag Ym Sagoz the Greedy
  2919 | D:3      | Reached XP level 5. HP: 32/47 MP: 5/5
  3233 | D:4      | Reached skill level 5 in Axes
  3465 | D:4      | Reached XP level 6. HP: 53/53 MP: 6/6
  3542 | D:4      | Noticed Robin
  3547 | D:4      | Reached skill level 6 in Axes
  3552 | D:4      | Reached skill level 5 in Fighting
  3566 | D:4      | Killed Robin
  4259 | D:5      | Entered Level 5 of the Dungeon
  4299 | D:5      | Reached XP level 7. HP: 60/61 MP: 7/7
  4476 | D:5      | Reached skill level 7 in Axes
  4476 | D:5      | Reached skill level 5 in Armour
  4476 | D:5      | Reached skill level 5 in Shields
  5080 | D:5      | Reached XP level 8. HP: 60/70 MP: 8/8
  5123 | D:5      | Reached skill level 8 in Axes
  5440 | D:5      | Found an ancient bone altar of Kikubaaqudgha.
  6152 | D:6      | Reached skill level 9 in Axes
  6546 | D:6      | Reached XP level 9. HP: 73/78 MP: 9/9
  6926 | D:6      | Reached skill level 10 in Axes
  7112 | D:7      | Found a white marble altar of Elyvilon.
  7192 | D:7      | Found a staircase to the Ecumenical Temple.
  7251 | Temple   | Entered the Ecumenical Temple
  8675 | D:8      | Found an ornate altar of the Wu Jian Council.
  8675 | D:8      | Found a radiant altar of Vehumet.
  8689 | D:8      | Found a shimmering blue altar of Sif Muna.
  8701 | D:8      | Reached skill level 11 in Axes
  8712 | D:8      | Noticed a hornet
  8718 | D:8      | Killed a hornet
  8757 | D:8      | Noticed Joseph
  9134 | D:8      | Reached XP level 10. HP: 66/88 MP: 10/10
  9304 | D:8      | Killed Joseph
  9305 | D:8      | Reached skill level 12 in Axes
  9602 | D:8      | Found a bloodstained altar of Trog.
  9816 | D:8      | Found an iron altar of Okawaru.
  9936 | D:8      | Found a hide-covered altar of Uskayaw.
  9938 | D:8      | Found a basalt altar of Yredelemnul.
 10491 | D:9      | Found a staircase to the Lair.
 11342 | Lair:1   | Entered Level 1 of the Lair of Beasts
 11487 | Lair:1   | Reached skill level 13 in Axes
 11775 | Lair:1   | Found a gate leading to a gauntlet.
 11784 | Gauntlet | Entered a Gauntlet
 11784 | Gauntlet | Found a transporter.
 11796 | Gauntlet | Found a transporter.
 11800 | Gauntlet | Noticed a wizard
 11812 | Gauntlet | Found a transporter.
 11817 | Gauntlet | Found a transporter.
 11818 | Gauntlet | Noticed a wolf spider
 11823 | Gauntlet | Noticed a moth of wrath
 11832 | Gauntlet | Found a transporter.
 11851 | Gauntlet | Found a transporter.
 11851 | Gauntlet | Noticed an obsidian statue
 11859 | Gauntlet | Noticed a wizard
 11862 | Gauntlet | Noticed a wizard
 11863 | Gauntlet | Found a transporter.
 11869 | Gauntlet | Found a transporter.
 11880 | Gauntlet | Noticed a great orb of eyes
 11884 | Gauntlet | Found a transporter.
 11892 | Gauntlet | Found a large runed translucent door.
 11893 | Gauntlet | Found a large runed translucent door.
 11894 | Gauntlet | Found a large runed translucent door.
 11894 | Gauntlet | Found a large runed translucent door.
 11895 | Gauntlet | Found a runed translucent gate.
 11896 | Gauntlet | Found a transporter.
 11896 | Gauntlet | Found a runed translucent gate.
 11897 | Gauntlet | Found a runed translucent gate.
 11897 | Gauntlet | Noticed a green ugly thing
 11898 | Gauntlet | Found a large runed translucent door.
 11898 | Gauntlet | Found a large runed translucent door.
 11899 | Gauntlet | Found a large runed translucent door.
 11900 | Gauntlet | Found a large runed translucent door.
 11908 | Gauntlet | Found a transporter.
 11927 | Gauntlet | Found a transporter.
 11938 | Gauntlet | Found a large runed translucent door.
 11939 | Gauntlet | Found a large runed translucent door.
 11940 | Gauntlet | Found a large runed translucent door.
 11940 | Gauntlet | Found a large runed translucent door.
 11941 | Gauntlet | Found a runed translucent door.
 11942 | Gauntlet | Found a transporter.
 11943 | Gauntlet | Found a runed translucent door.
 11944 | Gauntlet | Found a large runed translucent door.
 11944 | Gauntlet | Found a transporter.
 11944 | Gauntlet | Found a large runed translucent door.
 11944 | Gauntlet | Noticed a gargoyle
 11944 | Gauntlet | Noticed a gargoyle
 11945 | Gauntlet | Found a large runed translucent door.
 11959 | Gauntlet | Noticed a catoblepas
 11990 | Gauntlet | Found a transporter.
 11990 | Gauntlet | Found a transporter.
 12080 | Gauntlet | Found a transporter.
 12096 | Gauntlet | Found a large runed translucent door.
 12102 | Gauntlet | Found a transporter.
 12346 | Lair:1   | Noticed a cane toad
 12353 | Lair:1   | Killed a cane toad
 12450 | Lair:1   | Reached XP level 11. HP: 96/97 MP: 11/11
 13053 | Lair:1   | Reached skill level 14 in Axes
 13602 | Lair:2   | Reached skill level 10 in Fighting
 15021 | Lair:3   | Noticed an eight-headed hydra
 15585 | Lair:3   | Reached skill level 15 in Axes
 16522 | Lair:3   | Killed a 14-headed hydra
 17244 | Lair:3   | Reached XP level 12. HP: 102/108 MP: 12/12
 17284 | Lair:3   | Reached skill level 10 in Armour
 17327 | Lair:4   | Reached skill level 10 in Shields
 17347 | Lair:4   | Noticed a seven-headed hydra
 17831 | Lair:3   | Killed a seven-headed hydra
 17998 | Lair:4   | Found a staircase to the Snake Pit.
 18026 | Lair:4   | Reached skill level 16 in Axes
 18905 | Lair:4   | Killed from afar by a bog body

Illustrated notes

Levels and vault maps discovered:
D:1:      lemuel_arrival_broad_hall, layout_loops_ring, hex_medium,
          minivault_25, kennysheep_pointless_box, minmay_misc_feat_chi,
          minmay_pentomino_o4
D:2:      layout_loops_corners, ebering_ecumenical_altar_petrified,
          solitary_fountain, minivault_27
D:3:      layout_basic, mainiacjoe_overflow_catwalk_spiral, kennysheep_potato
D:4:      layout_cave_pods, uniq_robin
D:5:      layout_basic, kiku_gazebo_garden_becter
D:6:      cheibrodos_helix_gallery, layout_cave_pods
D:7:      layout_loops_ring, elyvilon_altar_4, temple_statues
D:8:      layout_cave_pools, mainiacjoe_overflow_brackets, trog_butcher_becter,
          okawaru_altar_gauntlet_db, nicolae_overflow_hidden_temple,
          uniq_joseph, uniq_psyche
D:9:      layout_basic, david_lair_shrubbed
Temple:   compressed_dpeg_triangle_lava_temple
Lair:1:   layout_chaotic_city, gauntlet_entry_generic, lemuel_fruit_fields
Lair:2:   layout_regular_city, beast_lair_carwin_9, grunt_megastairs_4,
          infiniplex_staircase_pool, serial_bayou_shore_a
Lair:3:   layout_regular_city, chequers_serial_rivers_micro_a,
          chequers_serial_rivers_large_a, serial_bayou_crossing
Lair:4:   layout_cave_shapes, nicolae_swamp_entry_splash_gauntlet,
          minmay_snake_entry_guardpost_small

Skill      XL: |  1  2  3  4  5  6  7  8  9 10 11 12 |
---------------+-------------------------------------+-----
Axes           | 3 4 5 6 7 9 11 13 15 16 | 16.0
Fighting       | 4 5 6 8 9 10 11 | 11.6
Armour         | 4 5 6 7 8 9 10 | 10.7
Shields        | 4 5 6 7 8 9 10 | 10.7

Action                   |  1- 3 |  4- 6 |  7- 9 | 10-12 || total
-------------------------+-------+-------+-------+-------++-------
Melee: War axe           |   119 |   166 |   278 |    36 ||   599
       Battleaxe         |       |       |       |   353 ||   353
       Mace              |       |       |       |    22 ||    22
Throw: Stone             |       |       |     5 |    16 ||    21
Invok: Call Merchant     |       |       |       |     1 ||     1
Evoke: Wand              |       |     1 |    38 |    17 ||    56
  Use: Scroll            |       |     4 |     2 |    20 ||    26
       Potion            |       |       |       |     3 ||     3
 Stab: Distracted        |       |       |       |     2 ||     2
Armor: Scale mail        |    64 |    11 |       |       ||    75
       Plate armour      |       |   122 |   147 |   344 ||   613
Dodge: Dodged            |    33 |    26 |    81 |   156 ||   296
Block: Buckler           |     5 |       |    57 |     3 ||    65
       Tower shield      |    70 |   138 |    26 |       ||   234

Table legend: (Time is in decaauts)
 A = Elapsed time spent in this place.
 B = Non-inter-level travel time spent in this place.
 C = Inter-level travel time spent in this place.
 D = Time resting spent in this place.
 E = Time spent auto-exploring this place.
 F = Levels seen in this place.
 G = Mean time per level.
                   A        B        C        D        E       F      G
               +--------+--------+--------+--------+--------+-----+--------+
         Total |  19165 |  18559 |    606 |   4536 |   8802 |  15 | 1277.7 |
       Dungeon |  11146 |  10661 |    485 |   1735 |   5622 |   9 | 1238.4 |
        Temple |    420 |    420 |      0 |      0 |    259 |   1 |  420.0 |
          Lair |   7191 |   7070 |    121 |   2801 |   2635 |   4 | 1797.8 |
      Gauntlet |    406 |    406 |      0 |      0 |    286 |   1 |  406.0 |
               +--------+--------+--------+--------+--------+-----+--------+

Top non-repeatable levels by time:
  Lair:2: 2397 daAuts
  Lair:3: 2231 daAuts
  Lair:1: 1544 daAuts
     D:5: 1431 daAuts
     D:7: 1338 daAuts
     D:4: 1336 daAuts
     D:6: 1315 daAuts
     D:8: 1277 daAuts
     D:9: 1208 daAuts
     D:3: 1173 daAuts
     D:1: 1063 daAuts
  Lair:4: 1017 daAuts
     D:2: 1004 daAuts
  Temple: 420 daAuts
Gauntlet: 406 daAuts
